 Dungeon Sprint DCSS version 0.30.1-4-g462c640d31 (webtiles) character file.

Game seed: 10775521172285619002

214 Heoruswealwe the Fighter (level 5, -2/53 HPs)
             Began as a Hill Orc Fighter on Aug 24, 2023.
             Slain by a tarantella (8 damage)
             ... in the Dungeon (Sprint I: "Red Sonja").
             The game lasted 00:01:23 (85 turns).

Heoruswealwe the Fighter (Hill Orc Fighter)           Turns: 85, Time: 00:01:24

Health: -2/53      AC:  7    Str: 19    XL:     5   Next: 91%
Magic:  5/5        EV:  9    Int: 10    God:
Gold:   126        SH:  0    Dex: 10    Spells: 4/4 levels left

rFire   . . .        a - +0 war axe
rCold   . . .        c - +0 buckler
rNeg    . . .        b - +0 scale mail
rPois   .            (no helmet)
rElec   .            (no cloak)
rCorr   .            (no gloves)
SInv    .            (no boots)
Will    .....        (no amulet) Stlth
                     (no ring)
HPRegen 0.28/turn    (no ring)
MPRegen 0.09/turn

%: no teleportation
@: confused
A: no striking features
a: no special abilities


You were in the Dungeon.
You visited 1 branch You collected 126 gold pieces.

Inventory:

Hand Weapons
 a - a +0 war axe (weapon)
Armour
 b - a +0 scale mail (worn)
 c - a +0 buckler (worn)
Wands
 k - a wand of polymorph (3)
Scrolls
 j - a scroll of blinking
 l - a scroll of silence {unknown}
Potions
 d - a potion of might
 e - a potion of curing
 f - a potion of heal wounds
 g - a potion of haste
 h - 2 potions of magic
 i - a potion of berserk rage


   Skills:
 + Level 8.2 Fighting
 + Level 5.4 Axes
 + Level 7.1 Armour
 + Level 1.0 Dodging
 + Level 7.2 Shields
 + Level 3.7 Unarmed Combat
 + Level 0.3 Evocations


You had 4 spell levels left.
You didn't know any spells.
Your spell library was empty.

Dungeon Overview and Level Annotations

Branches:
Dungeon (1/1)

Altars:
Cheibriados
Dithmenos
Elyvilon
Fedhas
Hepliaklqana
Kikubaaqudgha
Okawaru
Qazlal
Ru
Sif Muna
Trog
Uskayaw
Vehumet
Wu Jian
Yredelemnul
Zin
The Shining One

Shops:
D (


Message History

Found a radiant altar of Vehumet.
You see here 18 gold pieces.
You now have 126 gold pieces (gained 18).
You slash the jelly!
Your hands burn!
* * * LOW HITPOINT WARNING * * *
The jelly is severely wounded.
The jelly barely misses you.
You slash the jelly!
You kill the jelly!
Your Fighting skill increases to level 8!
Your Armour skill increases to level 7!
Your Dodging skill increases to level 1!
l - a scroll labelled GABBIE EMOI
There is a shimmering blue altar of Sif Muna here.
You open the door.
Found 5 stones.
There is an open door here.
You see here 5 stones.
There is an open door here.
As you open the door, it creaks loudly!
A yak comes into view.
The yak bellows!
Found Plog's Antique Weapon Emporium.
Found fourteen altars.
Aiming: Polymorph
Press: ? - help, Shift-Dir - straight line, f - yak
Aim: a yak (will become an iguana, a tarantella, or a blink frog, chance to affect: 50%)
The yak resists with some effort.
The yak gores you but does no damage.
Aiming: Polymorph
Press: ? - help, Shift-Dir - straight line, f/p - yak
Aim: a yak (will become an iguana, a tarantella, or a blink frog, chance to affect: 50%)
The yak evaporates and reforms as a tarantella!
The tarantella touches you.
You are confused.
You closely miss the tarantella. The tarantella touches you!
* * * LOW HITPOINT WARNING * * *
You are more confused.
The tarantella barely misses you.
You miss the tarantella. The tarantella barely misses you.
The tarantella touches you!
You die...

################
#<.#..').#..'..#
#..').#..').#..+
#..#####+#####'#
#..# #.# #..#__#
##.#
#..#_____##+#_.+
#⌠⌠#_.∩...s@.._#
####_..__##_.#'#
___ ##+#(# # ###


You could see a tarantella.

Vanquished Creatures
  A wolf (D)
  A centaur (D)
  A jelly (D)
  Ijyb (D)
4 creatures vanquished.

Notes
Turn   | Place    | Note
-------+----------+-------------------------------------------
     0 | D        | Heoruswealwe the Hill Orc Fighter began the quest for the
                  | Orb.
     0 | D        | Reached XP level 1. HP: 19/19 MP: 1/1
     1 | D        | Noticed Ijyb
    30 | D        | Killed Ijyb
    31 | D        | Reached skill level 5 in Fighting
    31 | D        | Reached skill level 1 in Unarmed Combat
    31 | D        | Reached XP level 2. HP: 4/29 MP: 2/2
    31 | D        | Reached XP level 3. HP: 6/36 MP: 3/3
    34 | D        | Noticed an ogre
    35 | D        | an ogre changed into a wolf
    35 | D        | Noticed a wolf
    41 | D        | Killed a wolf
    42 | D        | Reached skill level 6 in Fighting
    42 | D        | Reached XP level 4. HP: 11/45 MP: 4/4
    44 | D        | Noticed Sigmund
    45 | D        | Sigmund changed into Sigmund the centaur
    45 | D        | Noticed Sigmund
    51 | D        | Killed Sigmund the centaur
    52 | D        | Reached skill level 7 in Fighting
    52 | D        | Reached skill level 5 in Axes
    52 | D        | Reached XP level 5. HP: 14/53 MP: 5/5
    64 | D        | Found an ornate altar of the Wu Jian Council.
    64 | D        | Found a shimmering blue altar of Sif Muna.
    66 | D        | Found a radiant altar of Vehumet.
    70 | D        | Reached skill level 8 in Fighting
    70 | D        | Reached skill level 1 in Dodging
    81 | D        | Found Plog's Antique Weapon Emporium.
    81 | D        | Found an ancient bone altar of Kikubaaqudgha.
    81 | D        | Found a hazy altar of Hepliaklqana.
    81 | D        | Found a stormy altar of Qazlal.
    81 | D        | Found a hide-covered altar of Uskayaw.
    81 | D        | Found a blossoming altar of Fedhas.
    81 | D        | Found a bloodstained altar of Trog.
    81 | D        | Found an iron altar of Okawaru.
    81 | D        | Found a basalt altar of Yredelemnul.
    81 | D        | Found a glowing golden altar of the Shining One.
    81 | D        | Found a snail-covered altar of Cheibriados.
    81 | D        | Found a sacrificial altar of Ru.
    81 | D        | Found a glowing silver altar of Zin.
    81 | D        | Found a shadowy altar of Dithmenos.
    81 | D        | Found a white marble altar of Elyvilon.
    81 | D        | Noticed a yak
    83 | D        | a yak changed into a tarantella
    83 | D        | Noticed a tarantella
    85 | D        | Slain by a tarantella

Illustrated notes

Levels and vault maps discovered:
D:        dungeon_sprint_1 [red_sonja_temple_1, red_sonja_temple_small_1]

Skill      XL: |  1  2  3  4  5 |
---------------+----------------+-----
Fighting       | 5 6 7 8 |  8.2
Axes           | 3 4 5 |  5.4
Armour         | 4 6 7 |  7.1
Shields        | 4 6 7 |  7.2
Unarmed Combat | 1 2 3 |  3.7
Dodging        | 1 |  1.0
Evocations     | |  0.3

Action                     |  1- 3 |  4- 6 || total
---------------------------+-------+-------++-------
  Melee: Unarmed           |    30 |       ||    30
         War axe           |     3 |     7 ||    10
  Evoke: Wand              |     1 |     3 ||     4
 Armour: Scale mail        |     1 |     2 ||     3
         Skin              |     1 |       ||     1
  Dodge: Dodged            |    21 |     8 ||    29
  Block: Buckler           |       |     5 ||     5
